 Dungeon Crawl Stone Soup version 0.28.0-53-g5a82cb258f (webtiles) character file.

Game seed: 6773278105033062829

60 hawla the Firebug (level 3, 0/14 HPs)
             Began as a Felid Fire Elementalist on June 3, 2022.
             Succumbed to an adder's poison
             ... on level 2 of the Dungeon.
             The game lasted 00:03:31 (1298 turns).

hawla the Firebug (Felid Fire Elementalist)         Turns: 1298, Time: 00:03:31

Health: 0/14       AC:  1    Str:  2 (4)  XL:     3   Next: 82%
Magic:  2/8        EV: 17    Int: 17 (18) God:
Gold:   5          SH:  0    Dex: 14 (16) Spells: 4/7 levels left
                                        Lives:  0   Deaths: 0

rFire   . . .      SeeInvis +   (weapon unavailable)
rCold   . . .      Faith    .   (shield unavailable)
rNeg    . . .      Spirit   .   (armour unavailable)
rPois   .          Reflect  .   (helmet unavailable)
rElec   .          Harm     .   (cloak unavailable)
rCorr   .          Rampage  .   (gloves unavailable)
Will    .....                   (boots unavailable)
Stlth   ++........              (no amulet)
HPRegen 0.04/turn               (no ring)
MPRegen 0.11/turn               (no ring)

@: lethally poisoned (0 -> -2), quick
A: very small, claws 1, fangs 3, see invisible, speed 1, shaggy fur 1, stealthy
paws, no weapons or thrown items, no armour, multi-lived
a: no special abilities


You were on level 2 of the Dungeon.
You visited 1 branch of the dungeon, and saw 2 of its levels.

You collected 5 gold pieces.

You aren't carrying anything.


   Skills:
 + Level 3.0 Dodging
 + Level 3.0 Stealth
 + Level 0.2 Unarmed Combat
 + Level 2.9 Spellcasting
 + Level 1.3 Conjurations
 + Level 3.2 Fire Magic


You had 4 spell levels left.
You knew the following spells:

 Your Spells              Type           Power      Damage    Failure   Level
a - Foxfire               Conj/Fire      40%        2x1d6     7%          1
b - Scorch                Fire           26%        2d6       7%          2

Your spell library contained the following spells:

 Spells                   Type           Power      Damage    Failure   Level
 Conjure Flame            Conj/Fire      10%        6-21      21%         3
 Inner Flame              Hex/Fire       8%         N/A       26%         3
 Flame Wave               Conj/Fire      10%        2d5       56%         4


Dungeon Overview and Level Annotations

Branches:
Dungeon (2/15)

Altars:


Innate Abilities, Weirdness & Mutations

You have sharp claws.
You have razor-sharp teeth.
You have supernaturally acute eyesight. (SInv)
You cover ground quickly. (Speed+)
You are covered in fur. (AC +1)
Your paws help you pounce on unaware monsters.
You are incapable of wielding weapons or throwing items.
You cannot wear armour.
You gain extra lives every three experience levels.


Message History

Your foxfire dissipates! x3
An adder is nearby!
An adder is nearby!
An adder is nearby!
An adder is nearby!
Casting: Foxfire (safe; 6% risk of failure)
Confirm with . or Enter, or press ? or * to list all spells.
You conjure some foxfire!
Your foxfire dissipates!
Casting: Foxfire (safe; 6% risk of failure)
Confirm with . or Enter, or press ? or * to list all spells.
Flames lash the adder.
The adder is moderately wounded.
The adder's fire resistance burns away.
The foxfire hits the adder.
The adder is moderately wounded.
The adder bites you.
You are poisoned.
The adder poisons you!
The foxfire hits the adder.
The adder is burned terribly!
The adder is severely wounded.
The adder bites you.
Casting: Scorch (safe; 7% risk of failure)
Confirm with . or Enter, or press ? or * to list all spells.
Flames lash the adder.
The adder is burned terribly!
You kill the adder!
* * * LOW HITPOINT WARNING * * *
You feel sick.
It was a potion of degeneration.
There was something very wrong with that liquid.
You feel weakened.
You feel dopey.
You feel clumsy.
* * * LOW HITPOINT WARNING * * *
You feel sick.
There is a lethal amount of poison in your body!
There is a lethal amount of poison in your body!
* * * LOW HITPOINT WARNING * * *
You feel sick.
You see here an adder corpse.
* * * LOW HITPOINT WARNING * * *
You feel sick.
You die...

.<###..###.#....#
.#.#.#.# ##.###.######
.....†.# ##........†#
##.##### #.#.......# #.#
##.#....)..# ..#
#..........### ####
#####..#.........#
#..............#.#
#......†..@.(..#.gg...>.
#.....##..........g.....
#.....##...##..#........
#.....##...##..#.###K...
##(..........>...# .#g.
############.#### # g #
#


There were no monsters in sight!

Vanquished Creatures
  2 adders (D:2)
  A worm (D:2)
  2 dart slugs
  4 bats
  2 endoplasms (D:1)
  8 goblins
  3 hobgoblins
  3 jackals (D:1)
  2 kobolds (D:2)
  A quokka (D:1)
  2 frilled lizards (D:1)
  A rat (D:1)
31 creatures vanquished.

Vanquished Creatures (others)
  62 foxfires
62 creatures vanquished.

Grand Total: 93 creatures vanquished

Notes
Turn   | Place    | Note
-------+----------+-------------------------------------------
     0 | D:1      | hawla the Felid Fire Elementalist began the quest for the
                  | Orb.
     0 | D:1      | Reached XP level 1. HP: 7/7 MP: 4/4
   170 | D:1      | Reached XP level 2. HP: 11/11 MP: 4/6
   231 | D:1      | Learned a level 2 spell: Scorch
   352 | D:1      | Reached skill level 1 in Conjurations
   941 | D:2      | Reached XP level 3. HP: 14/14 MP: 2/7
  1298 | D:2      | Succumbed to an adder's poison

Illustrated notes

Levels and vault maps discovered:
D:1:      ncdulo_smallfort, layout_loops_ring
D:2:      layout_loops_cross, basic_altar,
          hellmonk_ecumenical_altar_heavens_door, lexackson_kobold_supper,
          uniq_robin

Skill      XL: |  1  2  3 |
---------------+----------+-----
Fire Magic     | 3 |  3.2
Conjurations   | 1 |  1.3
Stealth        | 3 |  3.0
Dodging        | 3 |  3.0
Unarmed Combat | |  0.2
Spellcasting   | |  2.9

Action                   || total
-------------------------++-------
Melee: Unarmed           ||    21
       Bite              ||     2
 Cast: Foxfire           ||    37
       Scorch            ||     5
  Use: Potion            ||     1
 Stab: Sleeping          ||     4
Dodge: Dodged            ||    19
